cohdb
Replays
Latest Replays
All Replays
Popular Replays
Top Player Replays
Match Explorer
How It Works
Community
CoH3 Stats
Reddit
Sign in to upload your games and track your stats! →
Sign in with Steam
Match 28507872
Unlisted
Match 28507872
Overview
Messages
Build Orders
End
Selects Italian Coastal Battlegroup
Selects Coastal Reserves
Coastal Reserve
Construct Infanterie Kompanie
Sniper
Coastal Reserve
Coastal Reserve
Medical Bunker
Selects Support Bunkers
MG 42 Bunker
Construct Luftwaffe Kompanie
MG 42 Bunker
Selects Rapid Fortifications
Selects Artillery Officer
Rapid Fortifications
Medical Bunker
MG 42 Bunker
Flak 30 Anti-aircraft Gun Team
Construct Panzer Kompanie
Medical Bunker
Coastal Reserve
Selects Obice da 210/22 Artillery Emplacement
Selects Bulwark
Stoßtruppen Squad
Stoßtruppen Squad
Stoßtruppen Squad
Coastal Reserve
Akaxiya
Sledge☢Hдmmer
iAinEng
大清第一猞猁狲
Arcade
FastVegy
JJsKaoS
GANDX
0
0
Comments
sign in to comment!
No comments posted yet!